[Event "Late-Titled-Tuesday-Blitz-September-12-2023"]
[Site "Chess.com"]
[Date "2023.09.12"]
[Round "4"]
[White "Sjakkerntobi"]
[Black "rookoco"]
[Result "0-1"]
[WhiteElo "2518"]
[BlackElo "2712"]
[TimeControl "180+1"]
[EndTime "14:37:47 PDT"]
[Termination "rookoco won by checkmate"]

1. e4 c5 2. Nf3 d6 3. d4 cxd4 4. Qxd4 a6 5. c4 Nc6 6. Qd2 Nf6 7. Nc3 Bg4 8. Nd4 g6 9. b3 Nxd4 10. Qxd4 Bg7 11. Bb2 O-O 12. Qd2 Qa5 13. f3 Bd7 14.
Bd3 b5 15. O-O Rfc8 16. Rac1 Be6 17. cxb5 axb5 18. Rfd1 Nd7 19. Nxb5 Rxc1 20. Qxc1 Qb6+ 21. Kh1 Rxa2 22. Bxg7 Kxg7 23. Qc3+ Ne5 24. Nd4 Qa5 25. Qxa5 Rxa5 26. Bf1 Ra2 27. Rb1 Bd7 28. b4 Rd2 29.
Nb3 Ra2 30. b5 g5 31. Nd4 Bc8 32. b6 Bb7 33. Kg1 g4 34. Rc1 gxf3 35. Nxf3 Bxe4 36. Nxe5 dxe5 37. Rc7 Kf6 38. b7 Rb2 39. Ba6 Rxg2+ 40.
Kf1 Rb2 41. Ke1 Ke6 42. Rc4 Bxb7 43. Bxb7 Rxb7 44. Rh4 f5 45. Rxh7 e4 46. Ke2 f4 47.
Rh5 Kf6 48. Rc5 Rb2+ 49. Kf1 Rxh2 50. Kg1 Re2 51. Kf1 f3 52. Rb5 e5 53. Rb8 Kf5 54.
Rf8+ Kg4 55. Rg8+ Kf4 56. Ra8 Ke3 57. Ra3+ Kf4 58. Ra8 Rb2 59. Kg1 e3 60. Ra4+ Kg3 61. Ra1 Rg2+ 62. Kh1 Rh2+ 63. Kg1 e2 64. Ra3 e1=R# 0-1

[Event "Late-Titled-Tuesday-Blitz-September-12-2023"]
[Site "Chess.com"]
[Date "2023.09.12"]
[Round "4"]
[White "AleksandrAleksikov"]
[Black "Giorno"]
[Result "0-1"]
[WhiteElo "2257"]
[BlackElo "2459"]
[TimeControl "180+1"]
[EndTime "14:37:47 PDT"]
[Termination "Giorno won on time"]

1. e4 e5 2. Nf3 Nf6 3. d4 Nxe4 4.
Bd3 d5 5. Nxe5 Nd7 6. Nxd7 Qxd7 7. O-O Be7 8. c4 c6 9. Re1 O-O 10. Nc3 Nxc3 11. bxc3 Bf6 12. Ba3 Re8 13. Qf3 b6 14. cxd5 Bb7 15. dxc6 Bxc6 16. Qf5 Qxf5 17. Bxf5 g6 18.
Bd3 Kg7 19. f3 Bd5 20. Kf2 Rec8 21. Bb2 Rc7 22. a4 a6 23. g3 Bc4 24. Be4 Rd8 25. f4 h5 26. h3 Be6 27. Kg2 b5 28. axb5 axb5 29. Re2 Bc4 30. Rd2 Re8 31. Bf3 Rce7 32. Ba3 Re3 33. Bb4 Be7 34. Bxe7 R8xe7 35. Kf2 Rxc3 36. d5 Rd7 37. d6 Be6 38. Rb1 Rc5 39. g4 hxg4 40. hxg4 Bc4 41. Be2 Rc6 42. Rbd1 Kf6 43. Bf3 Ra6 44. g5+ Kg7 45. Bg4 Rd8 46. d7 b4 47. Rd4 Bb3 48. Rb1 Ra2+ 49. Kg3 Ra3 50. Rd3 Bc2 51. Rxa3 bxa3 52. Ra1 Bf5 53. Bxf5 gxf5 0-1

[Event "Late-Titled-Tuesday-Blitz-September-12-2023"]
[Site "Chess.com"]
[Date "2023.09.12"]
[Round "4"]
[White "Gyulamiryan-koryun"]
[Black "carloseduar100"]
[Result "0-1"]
[WhiteElo "2009"]
[BlackElo "2277"]
[TimeControl "180+1"]
[EndTime "14:37:47 PDT"]
[Termination "carloseduar100 won on time"]

1. e4 e6 2. d4 d5 3. Nd2 c5 4. exd5 Qxd5 5. dxc5 Bxc5 6. Ngf3 Nc6 7. a3 Nf6 8. b4 Bb6 9. Bc4 Qh5 10. O-O O-O 11. Be2 e5 12. c4 Bg4 13. h3 Be6 14. c5 Bc7 15. Nd4 Qg6 16. Nxe6 fxe6 17. Nc4 Rad8 18.
Qb3 Nd4 19. Qb2 e4 20. Nd6 Nxe2+ 21. Qxe2 Bxd6 22. cxd6 Rxd6 23. Bf4 Rd5 24. Be3 a6 25. Rfd1 Rfd8 26. Rxd5 exd5 27. Bd4 Nh5 28. g3 Rc8 29. Rd1 b5 30. Bc5 Nf6 31. Kh2 Re8 32. Bd4 Nd7 33. Be3 Qf5 34. Bf4 Nf6 35. Qb2 g5 36. Be3 g4 37. h4 Kf7 38. Qd4 Qd7 39. Bg5 Re6 40.
Rc1 e3 41. Bxe3 Ne4 42. Rd1 Qc6 43. Qxd5 Qxd5 44. Rxd5 Kg6 45. Rd7 h5 46. Rb7 Nc3 47.
Rb6 Rxb6 48. Bxb6 Nb1 49. a4 bxa4 0-1

[Event "Late-Titled-Tuesday-Blitz-September-12-2023"]
[Site "Chess.com"]
[Date "2023.09.12"]
[Round "4"]
[White "Valio_M1948"]
[Black "artin10862"]
[Result "0-1"]
[WhiteElo "2555"]
[BlackElo "2952"]
[TimeControl "180+1"]
[EndTime "14:37:48 PDT"]
[Termination "artin10862 won by resignation"]

1. d4 Nf6 2. Bg5 g6 3. Bxf6 exf6 4. c4 Bg7 5. Nc3 O-O 6. e3 d6 7. g3 c6 8. Bg2 f5 9. Nge2 Nd7 10. O-O Nf6 11.
Qd3 Re8 12. b4 Qe7 13. a4 Ne4 14. b5 Bd7 15. Rfb1 Rab8 16. bxc6 Bxc6 17. Nd5 Qd8 18. a5 h5 19. Nb4 Bd7 20. Nc3 Nxc3 21. Qxc3 h4 22. a6 b6 23. Bc6 Rc8 24. Bxd7 Qxd7 25. Qd3 Re4 26. Nd5 Rce8 27. Ra2 Qc8 28. Rba1 h3 29.
Ra3 Bxd4 30. Qf1 Bg7 31. Rc1 Qc5 32. Rb3 Rc8 33. Qxh3 Kf8 34. Rb4 Qxd5 35. cxd5 Rxc1+ 36. Kg2 Rxb4 37. Qh7 b5 38. h4 Rg4 39. h5 b4 40. f3 Rg5 41. hxg6 Rc2+ 42. Kf1 Rxg6 43. Qh4 Rc8 44. Qxb4 Re8 45. Qxd6+ Rxd6 46. Kf2 Rxa6 47. f4 Ra2+ 0-1

[Event "Late-Titled-Tuesday-Blitz-September-12-2023"]
[Site "Chess.com"]
[Date "2023.09.12"]
[Round "4"]
[White "Joshukid"]
[Black "sofaceindisguise"]
[Result "0-1"]
[WhiteElo "2539"]
[BlackElo "2791"]
[TimeControl "180+1"]
[EndTime "14:37:48 PDT"]
[Termination "sofaceindisguise won on time"]

1. Nf3 c5 2. e4 e6 3. d4 cxd4 4.
Nxd4 Nf6 5. Bd3 d6 6. c4 Be7 7.
O-O O-O 8. Nc3 b6 9. f3 Bb7 10.
Be3 a6 11. Qd2 Nbd7 12. Rac1 Qc7 13. b3 Rac8 14. Rfd1 Qb8 15. Bf1 Bd8 16. g3 Bc7 17.
Bg2 Rfe8 18. Nc2 h5 19. a4 h4 20. gxh4 d5 21. cxd5 exd5 22. Nxd5 Bxd5 23. exd5 Bxh2+ 24. Kh1 Nh5 25. d6 Be5 26. f4 Bb2 27. Rb1 Bc3 28.
Qf2 Rcd8 29. Qf3 Ndf6 30. Nd4 Rxd6 31. Nc6 Rxd1+ 32. Rxd1 Qc7 33. Rc1 Ne4 34. Ne5 Nhg3+ 35. Kh2 Qe7 36. Qg4 Bxe5 37. fxe5 Qxe5 38. Bf4 Qb2 39.
Rc8 Nf1+ 40. Kg1 Qf2+ 41. Kh1 Neg3+ 42. Bxg3 Nxg3+ 43. Kh2 Rxc8 44. Qxc8+ Kh7 45. Qxa6 Nf5 46. Qc4 Nxh4 47. Qe4+ f5 48. Qd5 Qf4+ 49. Kg1 Qg3 50. b4 Qe1+ 51. Kh2 Qxb4 0-1

[Event "Late-Titled-Tuesday-Blitz-September-12-2023"]
[Site "Chess.com"]
[Date "2023.09.12"]
[Round "4"]
[White "GAO"]
[Black "Herman-NY"]
[Result "1/2-1/2"]
[WhiteElo "2344"]
[BlackElo "2522"]
[TimeControl "180+1"]
[EndTime "14:37:49 PDT"]
[Termination "Game drawn by repetition"]

1. Nf3 Nf6 2. d4 g6 3. c4 Bg7 4.
Nc3 O-O 5. e4 d6 6. Be2 Nbd7 7.
Be3 e5 8. O-O Ng4 9. Bg5 f6 10.
Bh4 Nh6 11. Rc1 Nf7 12. d5 Bh6 13. Rc2 a5 14. b3 Nc5 15. Rb2 Ng5 16. Nxg5 Bxg5 17.
Bxg5 fxg5 18. a3 h5 19. b4 axb4 20. axb4 Nd7 21. Nb5 b6 22. Qc2 Rf7 23. Ra2 Rxa2 24.
Qxa2 Nf6 25. f3 Bd7 26. Qa7 Bxb5 27. cxb5 c5 28. Qa4 Rc7 29. bxc5 Rxc5 30. Ra1 Nd7 31. Qa8 Rc8 32. Qa7 Nc5 33. Qa3 Qc7 34. Qe3 Qe7 35.
Ra2 Kg7 36. h3 Kf6 37. Qf2 Rc7 38. Qf1 Ra7 39. Qa1 Rxa2 40. Qxa2 Qc7 41. Qa8 Nd7 42. Qh8+ Kf7 43. Qh7+ Kf6 44. Qh8+ Kf7 45. Qh7+ Kf8 46. Qxg6 Qc1+ 47. Bf1 Qe3+ 48. Kh1 Ke7 49. Qh7+ Kd8 50.
Qxh5 Kc7 51. Qf7 Qf2 52. Bc4 Qe1+ 53. Kh2 Qc3 54. Bf1 Qc1 55. Kg1 Qe3+ 56. Kh1 Qe1 57. Kg1 Qe3+ 58. Kh1 1/2-1/2

[Event "Late-Titled-Tuesday-Blitz-September-12-2023"]
[Site "Chess.com"]
[Date "2023.09.12"]
[Round "4"]
[White "kai_nov"]
[Black "CarlosjPineror"]
[Result "0-1"]
[WhiteElo "2237"]
[BlackElo "2439"]
[TimeControl "180+1"]
[EndTime "14:37:50 PDT"]
[Termination "CarlosjPineror won on time"]

1. d4 Nf6 2. c4 g6 3. f3 d5 4. cxd5 Nxd5 5. e4 Nb6 6. Nc3 Bg7 7. Be3 O-O 8. Qd2 e5 9. d5 c6 10.
h4 cxd5 11. exd5 h5 12. g4 hxg4 13. h5 g3 14. hxg6 fxg6 15. Bh6 Qf6 16. Bxg7 Qxg7 17. Qg5 g2 18. Bxg2 Bf5 19. O-O-O N8d7 20. Bh3 Rac8 21. Bxf5 Rxf5 22. Qh4 Rf4 23. Qh3 Rcf8 24. Nge2 Rxf3 25. Qe6+ Qf7 26. Rdg1 Rf6 27. Qh3 Qg7 28. Ne4 Nxd5 29. Qb3 Rc6+ 30. Kb1 Nb6 31. N2c3 Qf7 32. Ng5 Nxc3+ 33.
bxc3 Qxb3+ 34. axb3 Rxc3 35. Rh7 Rf2 36. Rxb7 Rxb3+ 37.
Ka1 Rbb2 38. Ne6 Ra2+ 39. Kb1 Rab2+ 40. Ka1 Rg2 41. Rg7+ Kh8 42. Rh1+ Rh2 43. Rxh2+ Rxh2 44. Rxg6 e4 45. Ng5 e3 0-1

[Event "Late-Titled-Tuesday-Blitz-September-12-2023"]
[Site "Chess.com"]
[Date "2023.09.12"]
[Round "4"]
[White "subham777"]
[Black "platy3"]
[Result "0-1"]
[WhiteElo "2545"]
[BlackElo "2887"]
[TimeControl "180+1"]
[EndTime "14:37:52 PDT"]
[Termination "platy3 won by resignation"]

1. e4 c5 2. Nf3 d6 3. d4 cxd4 4.
Qxd4 Nf6 5. e5 Nc6 6. Bb5 dxe5 7. Qxd8+ Kxd8 8. Bxc6 bxc6 9. Nxe5 Ke8 10. Nc3 Nd7 11.
Nxd7 Bxd7 12. Be3 e5 13. O-O-O Be7 14. Rhe1 Be6 15. f4 exf4 16. Bxf4 Rd8 17. Ne4 h6 18. a3 Rxd1+ 19. Rxd1 Bd5 20. Nd6+ Bxd6 21. Bxd6 Bxg2 22. Rg1 Be4 23. Rxg7 Bg6 24. Be5 Rf8 25. Bd4 Kd7 26. Bxa7 Ke6 27. Bc5 Rd8 28. Bb4 c5 29. Bc3 h5 30. a4 h4 31. a5 h3 32. b3 Kf5 33. Kb2 Ke4 34. b4 cxb4 35. Bxb4 Kf3 36. Be7 Ra8 37. Bb4 Kg2 38. Bd6 Rxa5 39. c4 Ra4 40.
Kb3 Ra1 41. c5 Rc1 42. Kb2 Rc4 43. Rg8 Kf3 44. Kb3 Rc1 45. Kb2 Rc2+ 46. Kb3 Rd2 47. Kc3 Rd5 48. Kc4 Rd1 49. c6 Rxd6 50. Kc5 Rd1 51.
c7 Rc1+ 52. Kd6 Bf5 53. Rh8 Kg2 54. Rh5 Be6 55. Rc5 Rxc5 0-1

[Event "Late-Titled-Tuesday-Blitz-September-12-2023"]
[Site "Chess.com"]
[Date "2023.09.12"]
[Round "4"]
[White "IMRosen"]
[Black "Sinquefield"]
[Result "0-1"]
[WhiteElo "2608"]
[BlackElo "2455"]
[TimeControl "180+1"]
[EndTime "14:37:53 PDT"]
[Termination "Sinquefield won on time"]

1. c4 a6 2. e4 c6 3. Nc3 e6 4.
d4 g6 5. Nf3 Bg7 6. h4 h5 7.
Bg5 f6 8. Be3 Ne7 9. Bd3 d6 10. c5 dxc5 11. dxc5 e5 12. Bc4 Qxd1+ 13. Rxd1 Bg4 14. Rd3 Nd7 15. Nd2 Nf8 16. Na4 Be6 17. Nb6 Rd8 18. Rxd8+ Kxd8 19. Ke2 Nc8 20. Rd1 Nxb6 21.
cxb6 Kc8 22. Bc5 Bxc4+ 23. Nxc4 Ne6 24. Be3 Rd8 25. Rd6 Nf8 26. a4 Nd7 27. a5 Re8 28. b4 Bf8 29. Rd1 Bxb4 30. Rb1 Be7 31. g3 Rd8 32. f4 exf4 33. gxf4 Nc5 34. Bxc5 Bxc5 35. e5 Rd4 36. Rc1 Rxf4 37. exf6 Rxf6 38. Kd3 Rf4 39. Rh1 Be7 40. Re1 Kd7 41. Kc3 Bf6+ 42.
Kb3 Rxh4 43. Rd1+ Rd4 44. Rf1 Ke6 45. Re1+ Kf7 46. Rf1 Rd5 47. Ne3 Rxa5 48. Nc4 Rb5+ 49. Kc2 g5 50. Nd6+ Kg6 51. Nxb5 axb5 52. Rd1 g4 53. Rd7 g3 54. Rd2 h4 0-1

[Event "Late-Titled-Tuesday-Blitz-September-12-2023"]
[Site "Chess.com"]
[Date "2023.09.12"]
[Round "4"]
[White "Bodhanas"]
[Black "Gogolev_Artemy"]
[Result "0-1"]
[WhiteElo "1849"]
[BlackElo "2410"]
[TimeControl "180+1"]
[EndTime "14:37:53 PDT"]
[Termination "Gogolev_Artemy won on time"]

1. d4 d5 2. Nf3 Nf6 3. Bf4 e6 4.
c3 Bd6 5. Bg3 O-O 6. e3 b6 7.
Bd3 Bb7 8. O-O Ne4 9. Nbd2 f5 10.
Bxe4 dxe4 11. Ne5 Nd7 12. Ndc4 Nf6 13. Nxd6 cxd6 14. Nc4 Ba6 15. Nxd6 Bxf1 16. Qxf1 Qd7 17. h3 Nh5 18. Be5 Nf6 19. f3 Qc6 20. Qc4 Qxc4 21.
Nxc4 exf3 22. gxf3 Nd5 23. Kf2 Rac8 24. Nd6 Rc6 25. c4 Ne7 26. b3 Ng6 27. f4 Rd8 28. Ke2 Rcxd6 29. Bxd6 Rxd6 30. c5 bxc5 31. dxc5 Rc6 32. b4 Ne7 33. a3 Nd5 34. Kd3 Kf7 35.
Kd4 Ke7 36. Rg1 g6 37. b5 Rc7 38. h4 Nf6 39. Rc1 Ne4 40. a4 Nd2 41. Rc2 Nb3+ 42. Kd3 Nxc5+ 43. Ke2 Kd7 44. Rd2+ Ke7 45. a5 Ne4 46. Rb2 Rb7 47. Kd3 Kd6 48. Kd4 Nf6 49.
b6 axb6 50. a6 Ra7 51. Rxb6+ Kd7 52. Ke5 Nd5 53. Rxe6 Nc7 54. Rd6+ Ke7 55. Rc6 Nxa6 56. Rc4 Kf7 57. e4 Re7+ 58. Kd6 fxe4 0-1

[Event "Late-Titled-Tuesday-Blitz-September-12-2023"]
[Site "Chess.com"]
[Date "2023.09.12"]
[Round "4"]
[White "Perecke"]
[Black "AlexOstrovskiy"]
[Result "1-0"]
[WhiteElo "2510"]
[BlackElo "2632"]
[TimeControl "180+1"]
[EndTime "14:37:55 PDT"]
[Termination "Perecke won by resignation"]

1. e4 c5 2. Nf3 d6 3. d4 cxd4 4. Nxd4 Nf6 5. Nc3 g6 6. Be3 Nc6 7. f3 h5 8. Bc4 Bg7 9. Qd2 Bd7 10. O-O-O Na5 11. Bb3 Rb8 12. Kb1 b5 13. Nd5 Nc4 14. Qe2 Nxd5 15. exd5 Nxe3 16. Qxe3 a5 17. Nc6 Bxc6 18.
dxc6 a4 19. Bd5 O-O 20. Rhe1 e6 21. Bxe6 fxe6 22. Qxe6+ Kh7 23. Rxd6 Qg5 24. c7 Rbc8 25. Rd7 Qxg2 26. Qe7 Rg8 27. Rd8 Qxf3 28. Rxg8 Rxg8 29. Qd8 Qf6 30. Qxg8+ Kxg8 31. c8=Q+ Kh7 32. Qc3 Qxc3 33. bxc3 Bxc3 34. Re3 b4 35. a3 g5 36. axb4 Bxb4 37. Re4 Bd6 38. h3 a3 39. c4 Kg7 40. Re6 Bb4 41.
Rb6 Be7 42. Rb5 Kf6 43. Rd5 g4 44. Rxh5 g3 45. Rh4 Ke5 46. Rg4 Bc5 47. Rxg3 Kd4 48.
Rg4+ Kc3 49. Ka2 Kb4 50. h4 Be3 51. h5 Bd2 52. Rh4 Bh6 53. Rg4 Bd2 54. Rg6 Kxc4 55.
h6 Kb4 56. h7 Bc3 57. Rg8 Kb5 58. h8=Q Bxh8 59. Rxh8 1-0

[Event "Late-Titled-Tuesday-Blitz-September-12-2023"]
[Site "Chess.com"]
[Date "2023.09.12"]
[Round "4"]
[White "emeli_chess"]
[Black "WilliamAlfaroCaracas"]
[Result "1-0"]
[WhiteElo "2370"]
[BlackElo "2262"]
[TimeControl "180+1"]
[EndTime "14:37:59 PDT"]
[Termination "emeli_chess won on time"]

1. d4 Nf6 2. c4 g6 3. Nc3 Bg7 4. e4 d6 5. f3 O-O 6. Be3 a6 7. Bd3 c6 8. Nge2 b5 9. O-O Nbd7 10. a3 bxc4 11. Bxc4 Nb6 12. Ba2 d5 13. e5 Ne8 14. f4 Bf5 15. Na4 Nxa4 16. Qxa4 Bd3 17. Rfe1 Bb5 18. Qc2 a5 19. Nc3 Rc8 20. Na4 Bxa4 21.
Qxa4 Qb6 22. b4 axb4 23. axb4 Nc7 24. Qa5 Rb8 25. Qxb6 Rxb6 26. Rec1 Ra8 27. Bb3 Rxa1 28. Rxa1 Rxb4 29. Bd1 Bf8 30. Rc1 Nb5 31. Rxc6 Rb1 32.
Rc1 Rxc1 33. Bxc1 Nxd4 34. Kf2 e6 35. g4 Bc5 36. Kg3 Kg7 37. Bd2 Nc6 38. Bc3 d4 39.
Bb2 d3 40. Kf3 Bd4 41. Bc1 Nb4 42. Ke4 Bg1 43. Bd2 Nd5 44. h3 Bh2 45. Bb3 Bg3 46.
Bxd5 exd5+ 47. Kxd5 Bf2 48. Ke4 h5 49. Kxd3 hxg4 50. hxg4 Bg3 51. Ke4 Bh4 52. Bc3 Be7 53. f5 gxf5+ 54. gxf5 f6 55. e6 Bd6 56. Kd5 Bb8 57.
Kc6 Bf4 58. Kd7 1-0

[Event "Late-Titled-Tuesday-Blitz-September-12-2023"]
[Site "Chess.com"]
[Date "2023.09.12"]
[Round "4"]
[White "wild3000"]
[Black "campochess"]
[Result "1-0"]
[WhiteElo "2422"]
[BlackElo "2126"]
[TimeControl "180+1"]
[EndTime "14:38:02 PDT"]
[Termination "wild3000 won on time"]

1. d4 Nf6 2. g3 c5 3. d5 d6 4. Bg2 g6 5. c4 b5 6. Nc3 bxc4 7.
Qa4+ Nbd7 8. Qxc4 Nb6 9. Qd3 Bg7 10.
Nf3 O-O 11. O-O a5 12. a4 Ba6 13. Qd1 Nc4 14. Re1 Rb8 15. Qc2 Qb6 16. Rb1 Qb3 17. Qxb3 Rxb3 18. e4 Nd7 19. Bg5 Bf6 20. Bxf6 exf6 21.
Bf1 Nb8 22. Nb5 Bxb5 23. axb5 Ne5 24. Nd2 Rb4 25. f4 Ned7 26. b3 Nb6 27. Nc4 Rxb5 28. Nxd6 Rb4 29. Nc4 Nxc4 30. bxc4 Na6 31. Rxb4 Nxb4 32.
Ra1 Ra8 33. Ra4 Kf8 34. Kf2 Ke7 35. Ke2 Kd6 36. Kd2 Re8 37. Bd3 Ra8 38. Bb1 h5 39.
h3 Kc7 40. e5 fxe5 41. fxe5 Kb6 42. Ra3 Rd8 43. Rf3 Rd7 44. Rf6+ Ka7 45. e6 fxe6 46.
Rxe6 g5 47. Rg6 g4 48. hxg4 hxg4 49. Rxg4 a4 50. Kc3 a3 51. Kb3 Re7 52. Kxa3 Re3+ 53. Ka4 Re1 54. Bh7 Na2 55. Kb5 Nc3+ 56. Kxc5 Ne2 57. Rg7+ Kb8 58. d6 Nc3 59. Kc6 Rd1 60.
d7 1-0

[Event "Late-Titled-Tuesday-Blitz-September-12-2023"]
[Site "Chess.com"]
[Date "2023.09.12"]
[Round "4"]
[White "falzehope0"]
[Black "TanitoluwaAps116"]
[Result "0-1"]
[WhiteElo "2395"]
[BlackElo "2707"]
[TimeControl "180+1"]
[EndTime "14:38:04 PDT"]
[Termination "TanitoluwaAps116 won by resignation"]

1. d4 Nf6 2. e3 d6 3. Bd3 e5 4.
Ne2 c6 5. O-O a5 6. c4 Be7 7.
Nbc3 O-O 8. Ng3 Bg4 9. f3 Be6 10.
Nf5 Nbd7 11. Nxe7+ Qxe7 12. Bc2 Bxc4 13. Re1 Rfe8 14.
e4 Rac8 15. Be3 Nh5 16. Qd2 Nf8 17. d5 Ng6 18. b3 Bb5 19. g3 Ba6 20. Bb6 Qf6 21. Bd1 Qe7 22. Bxa5 Qd7 23. Bb6 c5 24. a4 f5 25. Qg5 Nf6 26. h4 fxe4 27. fxe4 Rf8 28. h5 Ne7 29. h6 Ng6 30. hxg7 Qxg7 31. Nb5 h6 32. Qe3 Bxb5 33. axb5 Ra8 34. Be2 Kh7 35. Rf1 Nf4 36. Kh2 Rxa1 37. Rxa1 Nxe2 38.
Qxe2 Ng4+ 39. Kg2 Rf2+ 40. Qxf2 Nxf2 41. Kxf2 Qg4 42. Re1 Qd7 43. b4 cxb4 44. Be3 Qxb5 45. Rh1 b3 46. Rxh6+ Kg7 47. Rh1 b2 48. Rb1 Qb3 49.
Kf3 Qc2 50. Rxb2 Qxb2 51. Kg4 Qe2+ 52. Kf5 Qxe3 53. Ke6 Qxe4 54. Kxd6 b5 55. Ke6 b4 56. d6 b3 57. d7 Qd4 58. Ke7 b2 59. d8=Q Qxd8+ 60. Kxd8 e4 61. Ke7 e3 62. g4 e2 63. Kd6 e1=Q 64. g5 b1=Q 65. g6 Qbd1+ 66. Kc6 Qde2 67. Kc5 Kxg6 68. Kc6 Q1d2 69. Kc5 Qee3+ 70.
Kb5 Qdd3+ 71. Ka5 Qde4 72. Ka6 Q3f3 0-1

[Event "Late-Titled-Tuesday-Blitz-September-12-2023"]
[Site "Chess.com"]
[Date "2023.09.12"]
[Round "4"]
[White "santosalberto1987"]
[Black "Abund"]
[Result "0-1"]
[WhiteElo "2530"]
[BlackElo "2745"]
[TimeControl "180+1"]
[EndTime "14:38:05 PDT"]
[Termination "Abund won by resignation"]

1. e4 e5 2. Nf3 Nc6 3. Bc4 Bc5 4. O-O Nf6 5. Re1 O-O 6. d3 Ng4 7. Re2 Kh8 8. Nc3 f5 9. exf5 Rxf5 10. h3 Nh6 11.
Re1 a6 12. Be3 Bxe3 13. fxe3 d6 14. Rf1 Bd7 15. Qe2 Rf8 16. a3 Nf5 17. Nd5 Ng3 18. Qd2 Nxf1 19. Rxf1 h6 20. c3 Ne7 21. e4 Nxd5 22.
Bxd5 c6 23. Bb3 Qe7 24. Kh2 Be6 25. Bxe6 Qxe6 26. Qe3 Rf6 27. Re1 Raf8 28. Re2 Rf4 29. Re1 Qg6 30. Re2 Qh5 31. Rf2 d5 32. Kg1 dxe4 33.
dxe4 Rd8 34. Qb6 Rd1+ 35. Kh2 Kh7 36. Qxb7 Rxe4 37. Qxc6 Rf4 38. Re2 e4 39. Rxe4 Rxe4 40.
Qxe4+ Qg6 41. Qe2 Qd6+ 42. g3 Kh8 43. Kg2 Qd3 44. Qe8+ Kh7 45. g4 Qf1+ 46. Kg3 Qd3 47.
Qe5 Rf1 48. Qf5+ Qxf5 49. gxf5 Rb1 50. b4 Rb3 51. Kf4 Rxc3 52. a4 Rc4+ 53. Ke5 Rxb4 54.
a5 Rb5+ 55. Ke6 Rxa5 56. f6 gxf6 57. Kxf6 Ra3 58. Nd4 Rxh3 0-1

[Event "Late-Titled-Tuesday-Blitz-September-12-2023"]
[Site "Chess.com"]
[Date "2023.09.12"]
[Round "4"]
[White "rikchessmx"]
[Black "Flaccidmoves"]
[Result "1-0"]
[WhiteElo "2296"]
[BlackElo "2446"]
[TimeControl "180+1"]
[EndTime "14:38:05 PDT"]
[Termination "rikchessmx won by checkmate"]

1. e4 Nf6 2. e5 Nd5 3. d4 d6 4. exd6 exd6 5. c4 Nb6 6. Nf3 Be7 7. h3 Bf5 8. Nc3 O-O 9. Be3 Nc6 10. Qd2 Re8 11.
Be2 Bf6 12. O-O d5 13. c5 Nc4 14. Bxc4 dxc4 15. d5 Nb4 16. Rad1 Bd3 17. Rfe1 Nc2 18. b3 Nxe1 19. Nxe1 Bg6 20. bxc4 Qd7 21. Nf3 Bh5 22. Kh2 Bxf3 23. gxf3 Qf5 24. f4 Rad8 25. Nb5 Re7 26.
Nxa7 h5 27. Nb5 Qe4 28. Qd3 Qxd3 29. Rxd3 Red7 30. d6 cxd6 31. cxd6 Rc8 32. c5 Rc6 33. Kg2 Ra6 34. a3 g6 35. Kf3 Ra5 36. Rb3 Bd8 37. Ke4 Ra4+ 38. Kd5 Kf8 39. Rb4 Rxb4 40. axb4 Ke8 41.
Nd4 Bf6 42. b5 Bxd4 43. Bxd4 Kd8 44. c6 bxc6+ 45. bxc6 Kc8 46. cxd7+ Kxd7 47. Be5 Kd8 48. Bf6+ Kd7 49. Be7 Ke8 50. Ke5 f6+ 51. Kxf6 Kd7 52. Kxg6 h4 53. Kh5 Ke8 54. Kxh4 Kf7 55. Kg5 Kg7 56.
f5 Kh7 57. f6 Kg8 58. Kf5 Kf7 59. h4 Kg8 60. h5 Kh7 61. Ke6 Kh6 62. f7 Kh7 63. h6 Kg6 64. f8=Q Kh7 65. Qg7# 1-0

[Event "Late-Titled-Tuesday-Blitz-September-12-2023"]
[Site "Chess.com"]
[Date "2023.09.12"]
[Round "4"]
[White "Roberz12"]
[Black "MichalL9"]
[Result "1-0"]
[WhiteElo "2432"]
[BlackElo "2209"]
[TimeControl "180+1"]
[EndTime "14:38:07 PDT"]
[Termination "Roberz12 won by checkmate"]

1. Nf3 Nf6 2. e3 c5 3. d4 b6 4. Be2 Bb7 5. O-O g6 6. b3 Bg7 7. Bb2 O-O 8. c4 d6 9. d5 Na6 10. Nbd2 Nc7 11. e4 a6 12. a4 Nd7 13. Bxg7 Kxg7 14. Re1 f6 15. Bf1 Ne5 16. Nh4 Qd7 17. f4 Nf7 18. g4 b5 19. Qf3 Rfb8 20. h3 Bc8 21. Qc3 Kg8 22. e5 dxe5 23. fxe5 Nxe5 24.
Rxe5 fxe5 25. Qxe5 Qd6 26. Qg5 Qf6 27. Qxf6 exf6 28.
d6 Ne8 29. Ne4 bxa4 30. Rxa4 Ra7 31. Ra5 Rb6 32. Rxc5 Bb7 33. d7 Ra8 34. dxe8=Q+ Rxe8 35. Nc3 Rxb3 36. Nd5 Bxd5 37. cxd5 Rb6 38. Bc4 Kg7 39. Nf3 Re7 40. Nd4 Kh6 41. Ne6 Rd7 42. Rc8 Rb4 43. h4 g5 44. hxg5+ fxg5 45. Rc6 Rxc4 46. Rxc4 Rxd5 47. Rc6 Rd1+ 48. Kf2 Ra1 49. Nf4+ Kg7 50.
Nh5+ Kg8 51. Rc8+ Kf7 52. Rc7+ Kg6 53. Rg7+ Kh6 54. Re7 Ra2+ 55. Kf3 Ra3+ 56. Ke4 Ra4+ 57. Kf5 Ra5+ 58. Kf6 Rb5 59. Re6 a5 60. Kf7# 1-0

[Event "Late-Titled-Tuesday-Blitz-September-12-2023"]
[Site "Chess.com"]
[Date "2023.09.12"]
[Round "4"]
[White "Levanzovsky"]
[Black "laiciffOneslraCsungaM"]
[Result "1-0"]
[WhiteElo "2480"]
[BlackElo "2331"]
[TimeControl "180+1"]
[EndTime "14:38:08 PDT"]
[Termination "Levanzovsky won by resignation"]

1. e4 e6 2. d4 d5 3. Nc3 Nf6 4.
e5 Nfd7 5. f4 c5 6. Nf3 Nc6 7. Be3 cxd4 8. Nxd4 Qb6 9. Qd2 Qxb2 10. Rb1 Qa3 11. Bb5 Nxd4 12. Bxd4 a6 13. Bxd7+ Bxd7 14. Rb3 Qe7 15. Rxb7 Rc8 16. Qe3 Qd8 17. Bb6 Qh4+ 18. g3 Qh3 19. Kf2 h5 20. Ne2 h4 21.
Nd4 hxg3+ 22. Qxg3 Qxg3+ 23. Kxg3 Bc5 24. Bxc5 Rxc5 25.
Rhb1 Rc3+ 26. Kg2 Rc4 27. Ra7 O-O 28. c3 Ba4 29. Rbb7 Rxc3 30. Nxe6 Bc6 31. Rc7 d4+ 32. Kf2 Rf3+ 33. Ke2 d3+ 34. Kd2 Rf2+ 35. Kxd3 Bb5+ 36. Ke3 Rg2 37. Nxf8 Kxf8 38. Rc8+ Be8 39. Raa8 Ke7 40. Rxe8+ Kd7 41. Rad8+ Kc6 42. Kf3 Rxa2 43. Rd6+ Kb5 44. Rb8+ Ka5 45. Rd5+ Ka4 46. Rd4+ Ka5 47. Rb3 Rxh2 48.
Ke4 Rh4 49. Kd5 g5 50. f5 g4 51. e6 Rh3 52. Rxh3 gxh3 53. Rh4 fxe6+ 54. fxe6 1-0

[Event "Late-Titled-Tuesday-Blitz-September-12-2023"]
[Site "Chess.com"]
[Date "2023.09.12"]
[Round "4"]
[White "BlueWizzard"]
[Black "MagnusCarlsen"]
[Result "1/2-1/2"]
[WhiteElo "2949"]
[BlackElo "3213"]
[TimeControl "180+1"]
[EndTime "14:38:09 PDT"]
[Termination "Game drawn by repetition"]

1. e4 c5 2. Nf3 Nc6 3. g3 Nf6 4. Nc3 d6 5. d4 cxd4 6. Nxd4 g6 7. Nxc6 bxc6 8. e5 dxe5 9. Qxd8+ Kxd8 10. Bc4 Bg7 11. Bd2 Kc7 12. O-O-O a5 13. Rde1 e6 14. f4 e4 15. Rhg1 h5 16. h3 a4 17. g4 hxg4 18.
hxg4 a3 19. bxa3 Ba6 20. Bb3 c5 21. Nxe4 c4 22. Bc3 cxb3 23. Nxf6 bxa2 24. Kb2 Bc4 25. Re4 Ra4 26. g5 Bxf6 27. gxf6 Kc6 28. Rd4 Rc8 29. Bb4 Kb6 30. Rd7 Ra7 31. Rd6+ Rc6 32. Rgd1 Bd5 33.
Rd8 Rac7 34. c3 Rc4 35. Rf1 Re4 36. Rd6+ Kb5 37. Ka1 Ka4 38. Rb6 Rb7 39. Rd6 Kb3 40. Rc1 Re2 41. c4 Bxc4 42. Rc3+ Ka4 43. Rxc4 Kb3 44.
Rc3+ Ka4 45. Ra6+ Kb5 46. Rac6 Rd7 47. Rc2 Rxc2 48. Rxc2 Rd4 49. Kxa2 Rxf4 50. Kb3 Rxf6 51. a4+ Kb6 52. a5+ Kb7 53. Ka4 Rf5 54. Bc5 Ka6 55. Bb4 Kb7 56. Rd2 Rd5 57. Rf2 Rf5 58. Rh2 g5 59.
Rd2 Rd5 60. Rf2 Rf5 61. Rd2 Rd5 62. Rg2 Ka6 63. Rf2 Rf5 64. Rc2 Kb7 65. Rd2 1/2-1/2

[Event "Late-Titled-Tuesday-Blitz-September-12-2023"]
[Site "Chess.com"]
[Date "2023.09.12"]
[Round "4"]
[White "ArturoCaceres"]
[Black "GoltsevDmitry2000"]
[Result "1-0"]
[WhiteElo "2467"]
[BlackElo "2623"]
[TimeControl "180+1"]
[EndTime "14:38:10 PDT"]
[Termination "ArturoCaceres won by checkmate"]

1. e4 e6 2. c4 c5 3. Nf3 Nc6 4. Nc3 Nd4 5. d3 g6 6. Be3 Bg7 7. Be2 Ne7 8. O-O O-O 9. Rb1 a5 10. Bxd4 cxd4 11. Nb5 d6 12. Nbxd4 e5 13. Nb5 f5 14.
Nc3 f4 15. d4 Nc6 16. dxe5 Nxe5 17. Nxe5 Bxe5 18. Nb5 Be6 19. Nd4 Bf7 20. Nf3 Qf6 21.
Nxe5 dxe5 22. b3 Rad8 23. Qc2 Be6 24. Rbd1 g5 25. h3 Qg6 26. Rxd8 Rxd8 27. Rd1 Rd4 28. Rxd4 exd4 29. Qd3 Qf6 30. Bg4 Bf7 31. Bf5 h5 32. a3 Qd6 33. a4 Qc5 34. Qd2 Kg7 35. h4 gxh4 36. Qxf4 Qe7 37. e5 Qd8 38. e6 Bg8 39.
Qe5+ Qf6 40. Qc7+ Kf8 41. Qb8+ Kg7 42. Qxb7+ Kf8 43. Qe4 Ke7 44. c5 Bxe6 45. Bxe6 Qxe6 46. Qxh4+ Ke8 47. Qxd4 Qe1+ 48. Kh2 Kf8 49. Qf4+ Kg7 50. c6 Kg6 51. c7 Qc3 52. Qc4 Kf6 53. Qxc3+ Kg5 54.
c8=Q h4 55. Q3c7 h3 56. Qxh3 Kf6 57. Qh6+ Kf5 58. Qf7+ Ke4 59. Qe3# 1-0